[ AOE2 MATCH · #477130007 ]
UnrankedFranks vs Bulgarians
[ REPLAY ANALYSIS · EXTRACTED FROM THE RECORDED GAME ]
Feudal
12:45
Castle
20:35
Imperial
36:19
| APM avg | 25.0 |
| APM peak | 61 |
| eAPM avg | 18.6 |
| Villagers / military | 151 / 243 |
Focus
⚔️ 32.8% · 🌾 67.2%
Knight ×123 · Spearman ×80 · Throwing Axeman ×25 · Fishing Ship ×9 · Trade Cart ×8 · Demolition Raft ×4
Feudal
12:46
Castle
17:48
Imperial
29:18
| APM avg | 25.9 |
| APM peak | 58 |
| eAPM avg | 11.9 |
| Villagers / military | 94 / 39 |
Focus
⚔️ 26.3% · 🌾 73.7%
Mameluke ×34 · Trebuchet (Packed) ×5
Feudal
14:57
Castle
20:32
Imperial
35:41
| APM avg | 27.3 |
| APM peak | 46 |
| eAPM avg | 19.3 |
| Villagers / military | 135 / 262 |
Focus
⚔️ 28.7% · 🌾 71.3%
Konnik ×106 · Spearman ×88 · Militia ×53 · Trebuchet (Packed) ×11 · Petard ×4
Feudal
—
Castle
—
Imperial
—
| APM avg | 24.4 |
| APM peak | 63 |
| eAPM avg | 13.0 |
| Villagers / military | 95 / 53 |
Focus
⚔️ 23.4% · 🌾 76.6%
Conquistador ×38 · Fishing Ship ×13 · Galley ×5 · Trebuchet (Packed) ×5 · Battering Ram ×3 · Mangonel ×2
Match map
Initial resources + every placement click. Lines = walls · curves = elevation contours. ◆ gold · ⬟ stone · ● berries · ✦ relic · ◌ wall gap
Your base· ✓ Closed at 20:35 · 46t walls · no gate
[YOBA] ♂️CUM♂️BACK's base· ✓ Closed at 17:48 · 47t walls · no gate
metanol ~'s base· ✓ Closed at 20:32 · 47t walls · 1 gate(s)
MiloyDres's base· ✓ Closed at 14:50 · 1t walls · no gate
Smoothed initial terrain · ◌ = detected wall gap · hover for details
Inputs per minute
— [YOBA]Ermak - - [YOBA] ♂️CUM♂️BACK
Build order — [YOBA]Ermak
First 150 of 527 actions detected
| 0:04 | Build | House |
| 0:05 | Create | Villager (Male) |
| 0:05 | Create | Villager (Male) |
| 0:09 | Build | House |
| 0:52 | Research | Loom |
| 0:52 | Create | Villager (Male) |
| 0:52 | Create | Villager (Male) |
| 1:41 | Build | Palisade Wall |
| 2:20 | Create | Villager (Male) |
| 2:45 | Create | Villager (Male) |
| 3:17 | Create | Villager (Male) |
| 3:17 | Create | Villager (Male) |
| 3:34 | Build | Palisade Wall |
| 4:02 | Create | Villager (Male) |
| 4:02 | Create | Villager (Male) |
| 4:21 | Build | Palisade Wall |
| 4:34 | Create | Villager (Male) |
| 4:45 | Create | Villager (Male) |
| 4:55 | Build | House |
| 5:12 | Build | Outpost |
| 5:23 | Create | Villager (Male) |
| 5:35 | Build | House |
| 5:52 | Create | Villager (Male) |
| 6:23 | Create | Villager (Male) |
| 6:51 | Create | Villager (Male) |
| 6:51 | Create | Villager (Male) |
| 7:04 | Build | Lumber Camp |
| 7:31 | Create | Villager (Male) |
| 7:31 | Create | Villager (Male) |
| 7:45 | Create | Villager (Male) |
| 8:02 | Build | House |
| 8:59 | Build | Mining Camp |
| 9:05 | Create | Villager (Male) |
| 9:31 | Build | Mill |
| 9:32 | Create | Villager (Male) |
| 9:51 | Build | House |
| 10:01 | Create | Villager (Male) |
| 10:35 | Research | Feudal Age |
| 11:21 | Build | Dock |
| 11:32 | Build | House |
| 12:04 | Create | Fishing Ship |
| 12:07 | Build | House |
| 12:45 | Age | Feudal Age |
| 13:02 | Research | Double-Bit Axe |
| 13:10 | Build | Stone Wall |
| 13:21 | Create | Villager (Male) |
| 13:21 | Create | Villager (Male) |
| 13:33 | Create | Demolition Raft |
| 13:53 | Create | Villager (Male) |
| 14:07 | Build | Blacksmith |
| 15:00 | Create | Villager (Male) |
| 15:00 | Create | Villager (Male) |
| 15:05 | Build | Stone Wall |
| 15:19 | Create | Demolition Raft |
| 15:22 | Create | Fishing Ship |
| 15:43 | Build | Stone Wall |
| 15:44 | Create | Villager (Male) |
| 16:09 | Build | Market |
| 16:10 | Create | Villager (Male) |
| 16:18 | Create | Villager (Male) |
| 16:32 | Create | Fishing Ship |
| 16:53 | Create | Villager (Male) |
| 17:15 | Build | Mining Camp |
| 17:28 | Create | Villager (Male) |
| 17:54 | Research | Castle Age |
| 18:01 | Build | Stone Wall |
| 18:10 | Build | Mining Camp |
| 18:22 | Build | Stone Wall |
| 18:23 | Create | Trade Cart |
| 18:33 | Create | Trade Cart |
| 18:35 | Create | Villager (Male) |
| 18:40 | Research | Gold Mining |
| 18:47 | Build | House |
| 18:48 | Build | House |
| 18:49 | Build | House |
| 18:57 | Research | Stone Mining |
| 19:13 | Create | Fishing Ship |
| 19:46 | Research | Forging |
| 20:02 | Build | Barracks |
| 20:11 | Create | Villager (Male) |
| 20:35 | Age | Castle Age |
| 20:43 | Research | Bow Saw |
| 21:18 | Create | Villager (Male) |
| 21:30 | Build | Town Center |
| 21:32 | Create | Villager (Male) |
| 21:50 | Create | Villager (Male) |
| 21:59 | Build | Fish Trap |
| 22:32 | Build | Fish Trap |
| 22:35 | Create | Demolition Raft |
| 22:37 | Create | Villager (Male) |
| 22:52 | Build | Farm |
| 22:55 | Build | Farm |
| 23:09 | Create | Fishing Ship |
| 23:16 | Build | Farm |
| 23:20 | Build | Farm |
| 23:33 | Build | Castle |
| 23:38 | Build | Fish Trap |
| 23:44 | Build | Farm |
| 23:59 | Build | Fish Trap |
| 24:07 | Build | Farm |
| 24:12 | Create | Villager (Male) |
| 24:17 | Build | Farm |
| 24:19 | Build | Farm |
| 24:27 | Create | Villager (Male) |
| 24:37 | Build | Fish Trap |
| 24:53 | Build | Farm |
| 24:54 | Create | Villager (Male) |
| 24:58 | Build | Farm |
| 25:02 | Build | Farm |
| 25:09 | Create | Villager (Male) |
| 25:22 | Build | Farm |
| 25:24 | Create | Villager (Male) |
| 25:29 | Create | Villager (Male) |
| 25:33 | Create | Fishing Ship |
| 25:42 | Build | Farm |
| 25:49 | Create | Villager (Male) |
| 25:53 | Build | Farm |
| 25:55 | Create | Villager (Male) |
| 26:01 | Create | Villager (Male) |
| 26:21 | Build | Gate |
| 26:22 | Build | Gate |
| 26:24 | Build | Gate |
| 26:29 | Create | Villager (Male) |
| 26:30 | Create | Villager (Male) |
| 26:30 | Create | Villager (Male) |
| 26:33 | Build | Farm |
| 26:36 | Build | Fish Trap |
| 26:39 | Create | Demolition Raft |
| 26:42 | Create | Fishing Ship |
| 26:48 | Build | Farm |
| 26:55 | Research | Scale Mail Armor |
| 26:55 | Research | Fletching |
| 26:58 | Research | Scale Mail Armor |
| 27:00 | Build | Farm |
| 27:15 | Build | Farm |
| 27:17 | Create | Villager (Male) |
| 27:19 | Create | Villager (Male) |
| 27:27 | Build | Farm |
| 27:29 | Create | Villager (Male) |
| 27:31 | Research | Town Watch |
| 27:41 | Create | Villager (Male) |
| 27:46 | Build | Fish Trap |
| 28:17 | Build | Town Center |
| 28:19 | Create | Villager (Male) |
| 28:20 | Research | Wheelbarrow |
| 28:22 | Create | Villager (Male) |
| 28:22 | Create | Villager (Male) |
| 28:28 | Create | Fishing Ship |
| 28:43 | Research | Caravan |
| 28:45 | Create | Trade Cart |
Build order — [YOBA] ♂️CUM♂️BACK
First 150 of 232 actions detected
| 0:05 | Create | Villager (Male) |
| 0:05 | Create | Villager (Male) |
| 0:05 | Create | Villager (Male) |
| 0:06 | Create | Villager (Male) |
| 0:10 | Build | House |
| 0:15 | Build | House |
| 0:50 | Research | Loom |
| 0:50 | Create | Villager (Male) |
| 0:50 | Create | Villager (Male) |
| 2:12 | Create | Villager (Male) |
| 2:40 | Build | Palisade Wall |
| 3:04 | Build | Palisade Wall |
| 3:11 | Create | Villager (Male) |
| 3:11 | Create | Villager (Male) |
| 3:37 | Create | Villager (Male) |
| 3:37 | Create | Villager (Male) |
| 3:56 | Build | Lumber Camp |
| 4:13 | Create | Villager (Male) |
| 4:51 | Create | Villager (Male) |
| 5:08 | Build | House |
| 5:22 | Create | Villager (Male) |
| 5:36 | Create | Villager (Male) |
| 6:10 | Create | Villager (Male) |
| 6:31 | Create | Villager (Male) |
| 6:40 | Build | House |
| 6:43 | Build | House |
| 7:26 | Create | Villager (Male) |
| 7:27 | Create | Villager (Male) |
| 7:41 | Build | Mill |
| 8:01 | Create | Villager (Male) |
| 8:01 | Create | Villager (Male) |
| 8:24 | Build | Palisade Wall |
| 8:25 | Build | Palisade Wall |
| 8:26 | Build | Palisade Wall |
| 8:27 | Build | Palisade Wall |
| 8:28 | Build | Palisade Wall |
| 8:32 | Create | Villager (Male) |
| 8:32 | Create | Villager (Male) |
| 9:27 | Build | Palisade Wall |
| 9:29 | Build | Palisade Wall |
| 9:30 | Build | Palisade Wall |
| 9:31 | Build | Palisade Wall |
| 9:52 | Create | Villager (Male) |
| 10:36 | Research | Feudal Age |
| 11:04 | Build | Mining Camp |
| 11:15 | Build | Mill |
| 12:00 | Build | Palisade Wall |
| 12:18 | Build | House |
| 12:22 | Create | Villager (Male) |
| 12:23 | Create | Villager (Male) |
| 12:40 | Build | Lumber Camp |
| 12:46 | Age | Feudal Age |
| 13:04 | Build | Stone Wall |
| 13:10 | Create | Villager (Male) |
| 13:46 | Create | Villager (Male) |
| 13:53 | Build | Market |
| 14:16 | Create | Villager (Male) |
| 14:37 | Build | Blacksmith |
| 15:00 | Build | Stone Wall |
| 15:08 | Research | Castle Age |
| 15:57 | Build | Mining Camp |
| 16:12 | Research | Double-Bit Axe |
| 16:42 | Create | Villager (Male) |
| 17:38 | Research | Stone Mining |
| 17:45 | Research | Horse Collar |
| 17:46 | Create | Villager (Male) |
| 17:48 | Age | Castle Age |
| 18:22 | Build | Castle |
| 18:31 | Create | Villager (Male) |
| 18:45 | Build | Farm |
| 18:54 | Build | Farm |
| 18:55 | Build | Farm |
| 18:58 | Build | Farm |
| 19:11 | Build | Farm |
| 19:14 | Create | Villager (Male) |
| 19:43 | Create | Mameluke |
| 19:52 | Create | Mameluke |
| 19:55 | Create | Villager (Male) |
| 19:55 | Create | Villager (Male) |
| 20:02 | Build | Farm |
| 20:07 | Build | Farm |
| 20:21 | Create | Mameluke |
| 20:31 | Create | Villager (Male) |
| 20:53 | Create | Mameluke |
| 21:13 | Build | Palisade Wall |
| 21:22 | Create | Villager (Male) |
| 21:27 | Build | Farm |
| 21:41 | Build | Farm |
| 21:44 | Build | Farm |
| 21:47 | Build | Farm |
| 21:57 | Create | Villager (Male) |
| 22:00 | Create | Villager (Male) |
| 22:03 | Build | Farm |
| 22:13 | Build | Farm |
| 22:17 | Build | Farm |
| 22:25 | Build | Farm |
| 22:31 | Research | Gold Mining |
| 22:48 | Create | Villager (Male) |
| 22:53 | Build | Farm |
| 23:00 | Build | Mining Camp |
| 23:06 | Create | Villager (Male) |
| 23:19 | Research | Gold Shaft Mining |
| 23:23 | Build | Farm |
| 23:36 | Create | Villager (Male) |
| 23:42 | Build | Farm |
| 23:49 | Create | Villager (Male) |
| 23:57 | Create | Villager (Male) |
| 24:08 | Build | Farm |
| 24:24 | Create | Villager (Male) |
| 24:33 | Build | Farm |
| 24:54 | Create | Villager (Male) |
| 24:58 | Build | Farm |
| 25:23 | Build | Farm |
| 25:37 | Create | Villager (Male) |
| 26:04 | Research | Imperial Age |
| 26:25 | Research | Fletching |
| 26:56 | Build | Castle |
| 27:12 | Build | House |
| 28:02 | Create | Villager (Male) |
| 28:02 | Create | Villager (Male) |
| 28:12 | Research | Bodkin Arrow |
| 28:16 | Create | Mameluke |
| 28:18 | Create | Mameluke |
| 29:18 | Age | Imperial Age |
| 29:27 | Create | Trebuchet (Packed) |
| 29:27 | Create | Trebuchet (Packed) |
| 29:52 | Create | Trebuchet (Packed) |
| 29:54 | Create | Villager (Male) |
| 29:55 | Create | Villager (Male) |
| 29:55 | Create | Villager (Male) |
| 29:55 | Create | Villager (Male) |
| 30:49 | Create | Trebuchet (Packed) |
| 30:50 | Create | Mameluke |
| 31:03 | Create | Villager (Male) |
| 31:03 | Create | Villager (Male) |
| 31:15 | Research | Forging |
| 31:29 | Create | Trebuchet (Packed) |
| 31:48 | Create | Mameluke |
| 31:48 | Create | Mameluke |
| 31:55 | Create | Mameluke |
| 31:56 | Create | Mameluke |
| 31:56 | Create | Mameluke |
| 31:56 | Create | Mameluke |
| 31:57 | Create | Mameluke |
| 31:57 | Create | Mameluke |
| 33:23 | Create | Villager (Male) |
| 33:23 | Create | Villager (Male) |
| 33:24 | Create | Villager (Male) |
| 33:47 | Build | House |
| 33:49 | Build | House |
Build order — metanol ~
First 150 of 477 actions detected
| 0:04 | Research | Loom |
| 0:11 | Build | House |
| 0:22 | Create | Villager (Male) |
| 0:23 | Create | Villager (Male) |
| 0:23 | Create | Villager (Male) |
| 0:23 | Create | Villager (Male) |
| 0:30 | Build | Palisade Wall |
| 1:29 | Build | Palisade Wall |
| 1:51 | Build | House |
| 1:59 | Create | Villager (Male) |
| 2:06 | Build | Palisade Wall |
| 2:42 | Build | Palisade Wall |
| 2:44 | Build | Palisade Wall |
| 2:58 | Create | Villager (Male) |
| 2:58 | Create | Villager (Male) |
| 3:10 | Build | Palisade Wall |
| 3:28 | Create | Villager (Male) |
| 3:28 | Create | Villager (Male) |
| 3:41 | Build | Palisade Wall |
| 4:06 | Build | Palisade Wall |
| 4:11 | Create | Villager (Male) |
| 4:11 | Create | Villager (Male) |
| 4:36 | Create | Villager (Male) |
| 4:36 | Create | Villager (Male) |
| 4:47 | Build | House |
| 4:56 | Create | Villager (Male) |
| 5:18 | Build | Palisade Wall |
| 5:23 | Create | Villager (Male) |
| 5:23 | Create | Villager (Male) |
| 5:30 | Build | Lumber Camp |
| 6:01 | Create | Villager (Male) |
| 6:18 | Create | Villager (Male) |
| 6:30 | Create | Villager (Male) |
| 7:22 | Create | Villager (Male) |
| 7:22 | Create | Villager (Male) |
| 7:24 | Build | House |
| 8:00 | Create | Villager (Male) |
| 8:25 | Create | Villager (Male) |
| 8:31 | Build | Mill |
| 8:33 | Create | Villager (Male) |
| 8:37 | Create | Villager (Male) |
| 9:14 | Build | House |
| 9:21 | Create | Villager (Male) |
| 9:35 | Create | Villager (Male) |
| 9:50 | Create | Villager (Male) |
| 10:26 | Create | Villager (Male) |
| 10:47 | Build | Mining Camp |
| 10:48 | Create | Villager (Male) |
| 10:54 | Build | House |
| 11:22 | Create | Villager (Male) |
| 11:48 | Create | Villager (Male) |
| 12:36 | Research | Feudal Age |
| 12:53 | Build | Mill |
| 13:58 | Build | Mill |
| 14:06 | Build | Barracks |
| 14:08 | Build | House |
| 14:14 | Create | Villager (Male) |
| 14:14 | Create | Villager (Male) |
| 14:34 | Build | Farm |
| 14:35 | Build | Farm |
| 14:36 | Build | Farm |
| 14:38 | Build | Farm |
| 14:40 | Build | Farm |
| 14:45 | Create | Villager (Male) |
| 14:57 | Age | Feudal Age |
| 15:02 | Build | Market |
| 15:08 | Build | Blacksmith |
| 15:13 | Create | Villager (Male) |
| 15:21 | Build | Farm |
| 15:21 | Build | Farm |
| 15:40 | Build | Stone Wall |
| 16:05 | Build | Farm |
| 16:11 | Build | Farm |
| 16:16 | Create | Villager (Male) |
| 16:27 | Build | Gate |
| 16:35 | Research | Double-Bit Axe |
| 16:43 | Create | Villager (Male) |
| 16:49 | Research | Horse Collar |
| 17:06 | Create | Villager (Male) |
| 17:40 | Research | Castle Age |
| 17:51 | Research | Scale Barding Armor |
| 18:06 | Build | Outpost |
| 18:22 | Build | Farm |
| 18:28 | Research | Gold Mining |
| 18:37 | Research | Forging |
| 18:58 | Build | Stone Wall |
| 19:02 | Build | Stone Wall |
| 19:06 | Build | House |
| 19:12 | Research | Stone Mining |
| 19:20 | Research | Scale Mail Armor |
| 19:50 | Build | Outpost |
| 20:32 | Age | Castle Age |
| 20:38 | Research | Wheelbarrow |
| 20:42 | Build | Town Center |
| 20:44 | Build | Farm |
| 20:45 | Build | Farm |
| 20:46 | Build | Farm |
| 20:48 | Build | Farm |
| 20:49 | Build | Farm |
| 20:50 | Build | Farm |
| 20:52 | Build | Farm |
| 21:01 | Build | Krepost |
| 21:17 | Research | Bow Saw |
| 21:26 | Create | Villager (Male) |
| 21:26 | Create | Villager (Male) |
| 21:43 | Build | Outpost |
| 21:46 | Build | Outpost |
| 21:49 | Build | Outpost |
| 21:54 | Create | Villager (Male) |
| 21:55 | Create | Villager (Male) |
| 22:27 | Build | Farm |
| 22:29 | Create | Villager (Male) |
| 22:32 | Create | Villager (Male) |
| 22:32 | Create | Villager (Male) |
| 22:44 | Research | Chain Barding Armor |
| 22:47 | Create | Villager (Male) |
| 22:56 | Build | Town Center |
| 22:58 | Create | Villager (Male) |
| 22:58 | Create | Villager (Male) |
| 23:04 | Create | Villager (Male) |
| 23:06 | Create | Villager (Male) |
| 23:11 | Build | Farm |
| 23:22 | Build | Farm |
| 23:25 | Create | Konnik |
| 23:30 | Create | Konnik |
| 23:38 | Build | Farm |
| 23:39 | Create | Villager (Male) |
| 23:45 | Create | Villager (Male) |
| 23:53 | Create | Petard |
| 24:06 | Create | Villager (Male) |
| 24:11 | Build | Farm |
| 24:13 | Create | Villager (Male) |
| 24:18 | Build | Farm |
| 24:19 | Build | Farm |
| 24:27 | Research | Gambesons |
| 24:29 | Research | Chain Mail Armor |
| 24:29 | Research | Chain Mail Armor |
| 24:32 | Research | Iron Casting |
| 24:38 | Build | Farm |
| 24:39 | Create | Villager (Male) |
| 24:43 | Build | Farm |
| 24:43 | Build | Farm |
| 24:45 | Create | Villager (Male) |
| 24:47 | Create | Villager (Male) |
| 24:58 | Create | Konnik |
| 25:05 | Build | Farm |
| 25:07 | Create | Villager (Male) |
| 25:09 | Create | Villager (Male) |
| 25:16 | Build | Farm |
| 25:18 | Create | Villager (Male) |
Build order — MiloyDres
First 150 of 285 actions detected
| 0:01 | Create | Villager (Male) |
| 0:01 | Create | Villager (Male) |
| 0:02 | Create | Villager (Male) |
| 0:02 | Create | Villager (Male) |
| 0:02 | Create | Villager (Male) |
| 0:02 | Create | Villager (Male) |
| 0:02 | Create | Villager (Male) |
| 0:05 | Build | House |
| 0:08 | Build | House |
| 1:50 | Create | Villager (Male) |
| 1:50 | Create | Villager (Male) |
| 1:51 | Create | Villager (Male) |
| 2:38 | Create | Villager (Male) |
| 2:39 | Create | Villager (Male) |
| 2:54 | Create | Villager (Male) |
| 3:31 | Create | Villager (Male) |
| 3:31 | Create | Villager (Male) |
| 3:49 | Create | Villager (Male) |
| 3:50 | Create | Villager (Male) |
| 4:01 | Build | House |
| 4:10 | Build | House |
| 4:14 | Build | Palisade Wall |
| 4:25 | Create | Villager (Male) |
| 4:25 | Create | Villager (Male) |
| 4:55 | Create | Villager (Male) |
| 4:55 | Create | Villager (Male) |
| 4:56 | Create | Villager (Male) |
| 5:29 | Create | Villager (Male) |
| 5:29 | Create | Villager (Male) |
| 5:29 | Create | Villager (Male) |
| 5:34 | Create | Villager (Male) |
| 5:34 | Create | Villager (Male) |
| 5:42 | Build | Lumber Camp |
| 6:18 | Create | Villager (Male) |
| 6:18 | Create | Villager (Male) |
| 6:18 | Create | Villager (Male) |
| 6:29 | Build | Mill |
| 6:38 | Create | Villager (Male) |
| 6:38 | Create | Villager (Male) |
| 6:39 | Create | Villager (Male) |
| 6:49 | Research | Loom |
| 6:51 | Build | House |
| 7:09 | Create | Villager (Male) |
| 7:09 | Create | Villager (Male) |
| 7:40 | Create | Villager (Male) |
| 7:40 | Create | Villager (Male) |
| 7:40 | Create | Villager (Male) |
| 7:41 | Create | Villager (Male) |
| 8:09 | Create | Villager (Male) |
| 8:19 | Build | House |
| 8:22 | Build | House |
| 8:27 | Create | Villager (Male) |
| 8:28 | Create | Villager (Male) |
| 8:53 | Create | Villager (Male) |
| 9:21 | Create | Villager (Male) |
| 9:32 | Build | Dock |
| 9:51 | Build | House |
| 10:18 | Build | House |
| 10:25 | Create | Fishing Ship |
| 10:29 | Build | Mining Camp |
| 10:46 | Create | Villager (Male) |
| 10:57 | Create | Fishing Ship |
| 11:17 | Research | Feudal Age |
| 11:17 | Research | Feudal Age |
| 11:28 | Build | Mill |
| 12:02 | Build | House |
| 12:04 | Build | House |
| 12:15 | Build | House |
| 12:29 | Create | Fishing Ship |
| 13:11 | Create | Fishing Ship |
| 13:31 | Create | Villager (Male) |
| 13:31 | Create | Villager (Male) |
| 13:44 | Build | Market |
| 14:03 | Build | Blacksmith |
| 14:50 | Research | Castle Age |
| 14:50 | Research | Castle Age |
| 14:51 | Research | Castle Age |
| 15:02 | Build | Mining Camp |
| 15:28 | Create | Fishing Ship |
| 16:04 | Research | Double-Bit Axe |
| 16:07 | Research | Tech 906 |
| 17:04 | Create | Fishing Ship |
| 17:12 | Build | Fish Trap |
| 17:32 | Build | Fish Trap |
| 17:37 | Create | Villager (Male) |
| 17:37 | Create | Villager (Male) |
| 17:56 | Build | Fish Trap |
| 18:17 | Build | Fish Trap |
| 18:22 | Create | Villager (Male) |
| 18:37 | Build | Fish Trap |
| 18:49 | Create | Villager (Male) |
| 18:57 | Create | Fishing Ship |
| 19:17 | Build | Castle |
| 19:37 | Build | Lumber Camp |
| 19:46 | Build | Fish Trap |
| 19:59 | Create | Fishing Ship |
| 20:08 | Create | Villager (Male) |
| 20:08 | Create | Villager (Male) |
| 20:21 | Create | Conquistador |
| 20:21 | Create | Conquistador |
| 20:33 | Research | Gillnets |
| 20:59 | Build | Fish Trap |
| 21:05 | Create | Conquistador |
| 21:11 | Create | Villager (Male) |
| 21:27 | Create | Fishing Ship |
| 21:34 | Create | Conquistador |
| 21:35 | Create | Conquistador |
| 21:35 | Create | Conquistador |
| 21:44 | Create | Villager (Male) |
| 21:57 | Create | Conquistador |
| 22:04 | Build | Barracks |
| 22:14 | Build | Fish Trap |
| 22:18 | Create | Fishing Ship |
| 22:24 | Build | Lumber Camp |
| 22:42 | Build | Siege Workshop |
| 22:45 | Create | Conquistador |
| 23:01 | Create | Conquistador |
| 23:07 | Build | Fish Trap |
| 23:09 | Create | Villager (Male) |
| 23:09 | Create | Villager (Male) |
| 23:27 | Create | Fishing Ship |
| 23:41 | Build | Farm |
| 23:43 | Create | Villager (Male) |
| 23:47 | Research | Horse Collar |
| 23:54 | Research | Bow Saw |
| 23:54 | Research | Bow Saw |
| 23:54 | Research | Bow Saw |
| 24:08 | Create | Fishing Ship |
| 24:11 | Build | Fish Trap |
| 24:32 | Build | Farm |
| 24:35 | Build | Farm |
| 24:35 | Create | Villager (Male) |
| 24:54 | Build | Stable |
| 25:00 | Research | Wheelbarrow |
| 25:04 | Build | Farm |
| 25:27 | Build | Fish Trap |
| 25:33 | Create | Fishing Ship |
| 25:45 | Research | Gold Mining |
| 25:52 | Research | Heavy Plow |
| 26:19 | Build | Fish Trap |
| 26:31 | Research | Hand Cart |
| 26:31 | Research | Hand Cart |
| 26:41 | Build | Farm |
| 26:41 | Build | Farm |
| 26:41 | Build | Farm |
| 26:42 | Build | Farm |
| 26:42 | Build | Farm |
| 26:43 | Build | Farm |
| 27:58 | Research | Imperial Age |
| 28:05 | Create | Mangonel |
Match timeline
| 0:30 | metanol ~ · wall_segment Palisade Wall x11 |
| 1:29 | metanol ~ · wall_segment Palisade Wall x12 |
| 1:41 | [YOBA]Ermak · wall_segment Palisade Wall x7 |
| 2:06 | metanol ~ · wall_segment Palisade Wall x2 |
| 2:40 | [YOBA] ♂️CUM♂️BACK · wall_segment Palisade Wall x13 |
| 2:42 | metanol ~ · wall_segment Palisade Wall x1 |
| 2:44 | metanol ~ · wall_segment Palisade Wall x1 |
| 3:04 | [YOBA] ♂️CUM♂️BACK · wall_segment Palisade Wall x4 |
| 3:10 | metanol ~ · wall_segment Palisade Wall x1 |
| 3:34 | [YOBA]Ermak · wall_segment Palisade Wall x8 |
| 3:41 | metanol ~ · wall_segment Palisade Wall x1 |
| 4:06 | metanol ~ · wall_segment Palisade Wall x8 |
| 4:14 | MiloyDres · wall_segment Palisade Wall x1 |
| 4:21 | [YOBA]Ermak · wall_segment Palisade Wall x7 |
| 5:18 | metanol ~ · wall_segment Palisade Wall x6 |
| 8:24 | [YOBA] ♂️CUM♂️BACK · wall_segment Palisade Wall x1 |
| 8:25 | [YOBA] ♂️CUM♂️BACK · wall_segment Palisade Wall x1 |
| 8:26 | [YOBA] ♂️CUM♂️BACK · wall_segment Palisade Wall x1 |
| 8:27 | [YOBA] ♂️CUM♂️BACK · wall_segment Palisade Wall x1 |
| 8:28 | [YOBA] ♂️CUM♂️BACK · wall_segment Palisade Wall x1 |
| 9:27 | [YOBA] ♂️CUM♂️BACK · wall_segment Palisade Wall x5 |
| 9:29 | [YOBA] ♂️CUM♂️BACK · wall_segment Palisade Wall x1 |
| 9:30 | [YOBA] ♂️CUM♂️BACK · wall_segment Palisade Wall x1 |
| 9:31 | [YOBA] ♂️CUM♂️BACK · wall_segment Palisade Wall x1 |
| 9:32 | MiloyDres · first_building Dock |
| 11:21 | [YOBA]Ermak · first_building Dock |
| 12:00 | [YOBA] ♂️CUM♂️BACK · wall_segment Palisade Wall x6 |
| 12:45 | [YOBA]Ermak · age_up feudal |
| 12:46 | [YOBA] ♂️CUM♂️BACK · age_up feudal |
| 13:04 | [YOBA] ♂️CUM♂️BACK · wall_segment Stone Wall x5 |
| 13:10 | [YOBA]Ermak · wall_segment Stone Wall x7 |
| 14:06 | metanol ~ · first_building Barracks |
| 14:34 | MiloyDres · first_market_sell 100 stone |
| 14:36 | MiloyDres · first_market_buy 100 food |
| 14:57 | metanol ~ · age_up feudal |
| 15:00 | [YOBA] ♂️CUM♂️BACK · wall_segment Stone Wall x9 |
| 15:05 | [YOBA]Ermak · wall_segment Stone Wall x3 |
| 15:39 | [YOBA] ♂️CUM♂️BACK · first_market_buy 100 stone |
| 15:40 | metanol ~ · wall_segment Stone Wall x10 |
| 15:43 | [YOBA]Ermak · wall_segment Stone Wall x2 |
| 17:48 | [YOBA] ♂️CUM♂️BACK · age_up castle |
| 18:01 | [YOBA]Ermak · wall_segment Stone Wall x5 |
| 18:22 | [YOBA]Ermak · wall_segment Stone Wall x13 |
| 18:22 | [YOBA] ♂️CUM♂️BACK · first_building Castle |
| 18:58 | metanol ~ · wall_segment Stone Wall x4 |
| 19:02 | metanol ~ · wall_segment Stone Wall x6 |
| 19:17 | MiloyDres · first_building Castle |
| 20:02 | [YOBA]Ermak · first_building Barracks |
| 20:32 | metanol ~ · age_up castle |
| 20:35 | [YOBA]Ermak · age_up castle |
| 21:01 | metanol ~ · first_building Krepost |
| 21:13 | [YOBA] ♂️CUM♂️BACK · wall_segment Palisade Wall x1 |
| 22:04 | MiloyDres · first_building Barracks |
| 22:42 | MiloyDres · first_building Siege Workshop |
| 23:33 | [YOBA]Ermak · first_building Castle |
| 24:54 | MiloyDres · first_building Stable |
| 25:11 | [YOBA] ♂️CUM♂️BACK · first_market_sell 100 wood |
| 26:41 | metanol ~ · wall_segment Stone Wall x7 |
| 27:47 | metanol ~ · first_building Stable |
| 28:12 | metanol ~ · wall_segment Stone Wall x6 |
| 29:18 | [YOBA] ♂️CUM♂️BACK · age_up imperial |
| 33:39 | [YOBA]Ermak · first_building Stable |
| 35:18 | metanol ~ · first_building Castle |
| 35:41 | metanol ~ · age_up imperial |
| 36:19 | [YOBA]Ermak · age_up imperial |
| 37:07 | [YOBA]Ermak · first_building Monastery |
| 37:20 | [YOBA] ♂️CUM♂️BACK · wall_segment Stone Wall x1 |
| 43:03 | [YOBA]Ermak · first_market_sell 500 wood |
| 43:40 | metanol ~ · wall_segment Stone Wall x10 |
| 44:32 | [YOBA]Ermak · first_building Siege Workshop |
| 48:09 | [YOBA]Ermak · tribute_sent a jugador 1 |
| 48:09 | [YOBA]Ermak · tribute_sent a jugador 2 |
| 48:09 | [YOBA]Ermak · tribute_sent a jugador 4 |
| 50:55 | [YOBA]Ermak · tribute_sent a jugador 1 |
| 50:55 | [YOBA]Ermak · tribute_sent a jugador 2 |
| 50:55 | [YOBA]Ermak · tribute_sent a jugador 4 |
| 51:28 | [YOBA] ♂️CUM♂️BACK · first_building Barracks |
| 53:16 | [YOBA] ♂️CUM♂️BACK · first_building Siege Workshop |
| 53:23 | [YOBA] ♂️CUM♂️BACK · first_building Stable |
| 54:22 | [YOBA] ♂️CUM♂️BACK · resign |
[ AI ANALYSIS · 1 CREDIT ]
What really happened in this match?
Wolo.gg analyzes every decision: build order, eco, micro, common mistakes by bracket. Personalized analysis on WhatsApp or Discord in 30 seconds.
Civ guide
Franks
Perfil
Jugador #736789